Map: [ESL] Ancient Cistern

Players

marcj (uThermal) - Winner!

  • Race: Terran Terran
  • League: Master
  • Spawn Location: 1:00

Mixu

  • Race: Zerg Zerg
  • League: Grandmaster
  • Spawn Location: 7:00

Event: HomeStory Cup XXIII

VOD

Have the link to the VOD?

Description

Time

  • Played on: July 1, 2023, 3:23 p.m.
  • Length: 7:23

All games in this series

Show
View Real Time Build Order
Export as new Build Order

marcj Terran - Winner!

Build Orders: Hellion Opening 

Get SALT Encoding   

  12  0:00  SCV  
  13  0:12  SCV  
  14  0:17  Supply Depot  
  14  0:24  SCV  
  15  0:38  SCV  
  15  0:39  Barracks  
  16  0:43  Refinery  
  16  0:50  SCV  
  17  1:02  SCV  
  18  1:14  SCV  
  19  1:26  Orbital Command, Marine  
  20  1:44  Factory, Supply Depot  
  20  1:52  SCV  
  21  2:04  SCV  
  21  2:08  Barracks Reactor  
  22  2:11  Command Center  
  22  2:17  Refinery  
  22  2:19  SCV  
  23  2:27  Supply Depot  
  23  2:31  SCV  
  24  2:43  SCV  
  25  2:45  Armory  
  25  2:47  Hellion  
  25  2:50  Hellion  
  29  2:58  Engineering Bay  
  29  2:59  SCV  
  30  3:09  Hellion  
  30  3:11  Hellion  
  34  3:13  SCV  
  35  3:25  SCV  
  36  3:32  Hellion  
  36  3:33  Hellion  
  40  3:39  Barracks Tech Lab  
  40  3:40  SCV  
  41  3:53  SCV  
  41  3:54  Hellion x2  
  43  4:10  SCV  
  43  4:23  SCV  
  44  4:24  Command Center  
  44  4:30  Thor  
  50  4:37  SCV  
  51  4:43  Planetary Fortress  
  49  4:50  Hellion x7  
  49  4:52  SCV  
  50  5:00  Factory  
  50  5:04  SCV  
  51  5:16  SCV  
  51  5:19  SCV  
  52  5:28  SCV  
  52  5:32  SCV  
  54  5:35  Thor  
  54  5:38  Orbital Command, Missile Turret  
  54  5:40  SCV  
  61  5:45  SCV  
  61  5:49  Hellion  
  64  5:55  SCV, Hellion  
  67  6:01  SCV  
  67  6:03  Supply Depot, Missile Turret  
  68  6:04  SCV  
  69  6:24  Thor  
  69  6:25  SCV x2  
  77  6:31  SCV  
  77  6:37  Supply Depot  
  77  6:38  Supply Depot  
  77  6:58  Hellion x2, SCV x3  
  86  7:10  Command Center, SCV x3  
  86  7:11  Refinery  
  86  7:12  Refinery  
Show
View Real Time Build Order
Export as new Build Order

Mixu Zerg 

Build Orders: Hatch First 

Get SALT Encoding   

  12  0:00  Drone  
  13  0:12  Overlord  
  13  0:16  Drone  
  14  0:31  Drone x2  
  16  0:47  Hatchery  
  15  0:50  Drone  
  15  0:54  Drone  
  17  0:58  Drone  
  18  1:08  Extractor  
  17  1:13  Spawning Pool  
  17  1:16  Drone  
  17  1:20  Drone  
  18  1:27  Drone  
  19  1:38  Drone  
  20  1:49  Drone  
  21  2:00  Queen x2  
  26  2:01  Zergling x2, Overlord  
  26  2:12  Drone x2  
  26  2:13  Metabolic Boost  
  28  2:21  Overlord  
  28  2:24  Drone  
  29  2:38  Hatchery  
  29  2:41  Drone  
  29  2:49  Drone x3  
  32  3:00  Drone  
  32  3:02  Zergling x2  
  32  3:03  Lair  
  34  3:07  Zergling x4  
  34  3:12  Overlord  
  36  3:31  Overlord  
  36  3:32  Drone x4  
  39  3:35  Drone, Queen  
  42  3:44  Overlord  
  42  3:48  Zergling x2  
  42  3:52  Spine Crawler  
  42  3:54  Spine Crawler  
  40  3:56  Spine Crawler  
  40  3:57  Zergling x2  
  40  4:00  Zergling x2  
  41  4:05  Zergling x2  
  41  4:09  Zergling x2  
  41  4:11  Queen  
  41  4:14  Zergling x6  
  46  4:22  Drone x3, Queen  
  49  4:24  Pneumatized Carapace  
  49  4:29  Overlord  
  49  4:33  Drone x2  
  49  4:34  Drone  
  49  4:36  Drone  
  52  4:48  Spine Crawler  
  52  4:49  Drone  
  52  4:54  Queen  
  52  4:57  Drone x2  
  52  4:58  Drone x2  
  52  4:59  Overlord  
  58  5:00  Spine Crawler  
  58  5:01  Drone  
  58  5:15  Drone  
  58  5:18  Drone  
  60  5:26  Overlord  
  60  5:27  Drone x2  
  64  5:31  Nydus Network  
  58  5:39  Drone x3  
  58  5:40  Queen x2  
  65  5:43  Overlord  
  65  5:54  Spine Crawler  
  60  6:00  Overlord x2, Drone  
  60  6:04  Spine Crawler  
  60  6:05  Spine Crawler x2  
  60  6:08  Spine Crawler  
  57  6:13  Spine Crawler  
  57  6:16  Spine Crawler, Queen  
  57  6:18  Queen  
  57  6:19  Spine Crawler  
  57  6:25  Zergling x12  
  64  6:28  Zergling x4  
  66  6:36  Zergling x4  
  66  6:39  Nydus Canal  
  68  6:55  Nydus Canal  
  66  7:02  Zergling x16  
Tags
 
Add a new tag
Caveats
  • Supply blocks, unpowered buildings, or Contaminate may cause inaccurate times.
  • Supply counts are checked every 10 seconds.